 Dungeon Crawl Stone Soup version 0.32-a0-995-gb4a59205af (webtiles) character file.

Game seed: 10605623905884585572

519 protoss039 the Digger (level 7, 54/54 HPs)
             Began as a Demonspawn Earth Elementalist on Apr 22, 2024.
             Got out of the dungeon alive.
             The game lasted 00:04:58 (4267 turns).

protoss039 the Digger (DsEE)                        Turns: 4267, Time: 00:04:58

Health: 54/54      AC:  3    Str:  9    XL:     7   Next: 1%
Magic:  13/13      EV: 16    Int: 17    God:
Gold:   234        SH:  0    Dex: 13    Spells: 7/14 levels left

rFire   . . .        y - +1 dagger (flame)
rCold   . . .        (no shield)
rNeg    . . .        a - +0 robe
rPois   +            (helmet restricted)
rElec   .            (no cloak)
rCorr   .            x - +0 pair of gloves
SInv    .            (no boots)
Will    .....        (no amulet)
Stlth   ++           m - +5 ring of evasion
HPRegen 0.29/turn    t - ring of poison resistance
MPRegen 0.13/turn

%: no passive effects
@: no status effects
A: antennae 1, claws 1, ignite blood 2
a: no special abilities


You escaped.
You visited 1 branch of the dungeon, and saw 5 of its levels.

You collected 234 gold pieces.

Inventory:

Hand Weapons
 y - a +1 dagger of flaming (weapon)
Missiles
 q - a throwing net
 r - 4 silver javelins
Armour
 a - a +0 robe (worn)
 x - a +0 pair of gloves (worn)
Jewellery
 m - a +5 ring of evasion (left hand)
 t - a ring of poison resistance (right hand)
Scrolls
 e - 2 scrolls of torment {unknown}
 g - a scroll of noise {unknown}
 h - a scroll of vulnerability {unknown}
 o - a scroll of fear {unknown}
 s - a scroll of enchant armour {unknown}
 u - a scroll of amnesia {unknown}
 v - a scroll of silence {unknown}
 w - a scroll of immolation {unknown}
Potions
 b - a potion of magic
 c - 2 potions of curing
 d - a potion of enlightenment {unknown}
 i - a potion of degeneration {unknown}
 j - 2 potions of brilliance {unknown}
 k - a potion of attraction {unknown}
 l - a potion of heal wounds {unknown}
 n - 2 potions of mutation {unknown}
 p - a potion of experience {unknown}


   Skills:
 + Level 4.1 Fighting
 - Level 1.7 Dodging
 - Level 1.7 Stealth
 + Level 4.2 Spellcasting
 - Level 1.0 Conjurations
 + Level 4.6 Earth Magic


You had 7 spell levels left.
You knew the following spells:

 Your Spells              Type           Power      Damage    Failure   Level
a - Sandblast             Erth           38%        2d10      2%          1
b - Passwall              Erth           19%        N/A       7%          3
c - Stone Arrow           Conj/Erth      26%        3d8       14%         3

Your spell library contained the following spells:

 Spells                   Type           Power      Damage    Failure   Level
 Slow                     Hex            12%        N/A       16%         1
 Confusing Touch          Hex            3%         N/A       43%         3
 Vampiric Draining        Necr           3%         2d6       43%         3
 Brom's Barrelling Bould  Conj/Erth      13%        2d4       43%         4
 Petrify                  Alch/Erth      11%        N/A       52%         4
 Ignite Poison            Fire/Alch      3%         N/A       83%         4
 Sticky Flame             Fire/Alch      3%         2d4       83%         4
 Ignition                 Fire           1%         3d3       100%        8


Dungeon Overview and Level Annotations

Branches:
Dungeon (5/15) Zot: 25653
 Temple: D:4-7

Altars:
Cheibriados
Kikubaaqudgha
Trog

Shops:
D:4 *

Annotations:
D:2 1 runed translucent door, Crazy Yiuf


Innate Abilities, Weirdness & Mutations

You have a pair of small antennae on your head.
You have sharp fingernails.
Your demonic aura often causes spilled blood to erupt in flames.


Message History

Aim: an ogre, wielding a +0 giant spiked club (flame, lightly wounded, 85% to hit)
You miscast Stone Arrow.
You are very lightly contaminated with residual magic.
Nothing appears to happen.
The ogre is engulfed in blazing flames.
The ogre misses you.
Casting: Stone Arrow (dangerous; 16% risk of failure)
Confirm with . or Enter, or press ? or * to list all spells.
Aiming: Sandblast (safe; 2% risk of failure)
Press: ? - help, Shift-Dir - straight line, f/p - ogre
Aim: an ogre, wielding a +0 giant spiked club (flame, heavily wounded, 91% to hit)
The blast of sand hits the ogre!
You kill the ogre!
Your Fighting skill increases to level 4!
You have reached level 7!
Your demonic ancestry asserts itself...
A pair of antennae grows on your head!
Unknown command.
There is a stone staircase leading up here.
You climb upwards.
Your magical contamination has completely faded away.
There is a stone staircase leading down here.
What level of the Dungeon? (default 5, ? - help)
There is a stone staircase leading up here.
You climb upwards.
There is a stone staircase leading down here.
You see here a +0 spear.
Things that are here:
a +0 whip; a +2 flail of protection Magic restored.
There is a stone staircase leading up here.
You climb upwards.
Level annotation: 1 runed translucent door, Crazy Yiuf
There is a stone staircase leading down here.
There is a stone staircase leading up here.
You climb upwards.
There is a stone staircase leading down here.
You enter the shallow water.
Moving in this stuff is going to be slow.
There is a staircase leading out of the dungeon here.
You have escaped!

#........................#.#
#........#######.###.#.#.#.###
#......>.# #####.######......#
#........###~~~♣~♣~~~~##.###.#
#..........#~)P...P..~##.# #.#
#.......##.#~PPP.PPP.~##.# #.#
≈≈≈≈≈≈####.#~.P...P..~##.# #.#
.....## #.#♣.......♣♣##.# #.#
.....# #..~...@........# #†#
#..~.### #.#♣.......♣♣#..###.#
##.....#
#.#~.♣...P..~##...#.## ###...#
#.#~♣♣♣.PPP.~#.......# #...#
#.#~.♣...P..~#.#####.#
####...# #.#~~~♣~♣~~~~#.# #.#
.......# #.#####.######.# #.#
)......# ###..##.##.#...# #.#
#####..# #..#..##.....#####.#


There were no monsters in sight!

Vanquished Creatures
  2 ogres
  A scorpion (D:4)
  Jessica (D:2)
  A sleepcap (D:3)
  An orc wizard (D:4)
  4 gnolls (D:3)
  7 adders
  2 dart slugs
  2 ribbon worms
  12 orcs
  8 endoplasms
  4 giant cockroaches
  6 goblins
  6 hobgoblins
  9 jackals
  6 quokkas
  4 ball pythons
  8 bats
  2 frilled lizards
  9 kobolds
  2 rats (D:1)
97 creatures vanquished.

Notes
Turn   | Place    | Note
-------+----------+-------------------------------------------
     0 | D:1      | protoss039 the Demonspawn Earth Elementalist began the
                  | quest for the Orb.
     0 | D:1      | Reached XP level 1. HP: 13/13 MP: 3/3
    95 | D:1      | Discovered your monstrous ancestry.
    95 | D:1      | Gained mutation: You have sharp fingernails. [demonic
                  | ancestry]
    95 | D:1      | Reached XP level 2. HP: 16/20 MP: 0/5
   255 | D:1      | Reached skill level 1 in Fighting
   653 | D:1      | Gained mutation: Your demonic aura sometimes causes spilled
                  | blood to erupt in flames. [demonic ancestry]
   653 | D:1      | Reached XP level 3. HP: 17/26 MP: 1/6
  1094 | D:1      | Learned a level 3 spell: Passwall
  1098 | D:1      | Learned a level 3 spell: Stone Arrow
  1121 | D:2      | You fall into a shaft and drop 1 floor!
  1554 | D:2      | Reached XP level 4. HP: 33/33 MP: 6/8
  1831 | D:2      | Noticed Jessica
  1835 | D:2      | Killed Jessica
  1962 | D:2      | Found a runed translucent door.
  1963 | D:2      | Noticed Crazy Yiuf
  2441 | D:3      | Gained mutation: Your demonic aura often causes spilled
                  | blood to erupt in flames. [demonic ancestry]
  2441 | D:3      | Reached XP level 5. HP: 8/39 MP: 4/9
  2739 | D:3      | Found a bloodstained altar of Trog.
  2945 | D:3      | Found an ancient bone altar of Kikubaaqudgha.
  3520 | D:4      | Noticed an ogre
  3523 | D:4      | Killed an ogre
  3524 | D:4      | Reached XP level 6. HP: 47/47 MP: 4/11
  3874 | D:4      | Found Viblu's Lightly-Used Armoury.
  4089 | D:4      | Found a snail-covered altar of Cheibriados.
  4180 | D:5      | Entered Level 5 of the Dungeon
  4195 | D:5      | Gained mutation: You have a pair of small antennae on your
                  | head. [demonic ancestry]
  4195 | D:5      | Reached XP level 7. HP: 54/54 MP: 8/13
  4267 | D:$      | Got out of the dungeon alive.

Illustrated notes

Levels and vault maps discovered:
D:1:      ldierk_walled_garden, layout_loops_ring,
          chequers_serial_rivers_micro_e
D:2:      layout_loops_ring, chequers_serial_rivers_micro_c, uniq_jessica,
          uniq_crazy_yiuf_cottage
D:3:      layout_loops_corners, chequers_temple_overflow_statue_of_worship
D:4:      minmay_spotlight, layout_cave_pools, amcnicky_altar_gilded,
          minmay_shop_damaged
D:5:      layout_rooms, mainiacjoe_overflow_catwalk,
          mainiacjoe_overflow_24_doors, minmay_temple_entry_arrows,
          kennysheep_nub, minmay_misc_feat_pillars, uniq_eustachio

Skill      XL: |  1  2  3  4  5  6 |
---------------+-------------------+-----
Fighting       | 1 2 3 4 |  4.1
Earth Magic    | 3 4 |  4.6
Spellcasting   | 3 4 |  4.2
Dodging        | |  1.7
Stealth        | |  1.7
Conjurations   | |  1.0

Action                     |  1- 3 |  4- 6 |  7- 9 || total
---------------------------+-------+-------+-------++-------
  Melee: Unarmed           |    59 |     8 |       ||    67
         Punch             |     1 |     1 |       ||     2
         Dagger            |       |     1 |       ||     1
   Cast: Sandblast         |    57 |    88 |       ||   145
         Stone Arrow       |       |     7 |       ||     7
    Use: Potion            |     1 |       |       ||     1
 Armour: Robe              |    68 |    42 |       ||   110
  Dodge: Dodged            |    55 |    56 |       ||   111

Table legend: (Time is in decaauts)
 A = Elapsed time spent in this place.
 B = Non-inter-level travel time spent in this place.
 C = Inter-level travel time spent in this place.
 D = Time resting spent in this place.
 E = Time spent auto-exploring this place.
 F = Levels seen in this place.
 G = Mean time per level.
                   A        B        C        D        E       F      G
               +--------+--------+--------+--------+--------+-----+--------+
         Total |   4346 |   4166 |    180 |    205 |   3319 |   5 |  869.2 |
       Dungeon |   4346 |   4166 |    180 |    205 |   3319 |   5 |  869.2 |
               +--------+--------+--------+--------+--------+-----+--------+

Top non-repeatable levels by time:
     D:3: 1360 daAuts
     D:1: 1141 daAuts
     D:4: 1038 daAuts
     D:2: 782 daAuts
     D:5: 22 daAuts
